 Dungeon Crawl Stone Soup version 0.31-a0-175-g9f7f995f2b (webtiles) character file.

Game seed: 5541803284717028909

1605 qw the Skirmisher (level 8, 0/71 (74) HPs)
             Began as a Naga Hunter on June 16, 2023.
             Was an Initiate of Okawaru.
             Slain by Maggie
             ... wielding a +2 war axe of draining
              (2 damage)
             ... on level 7 of the Dungeon.
             The game lasted 00:02:09 (6399 turns).

qw the Skirmisher (Naga Hunter)                     Turns: 6399, Time: 00:02:10

HP:   0/71 (74)     AC: 10    Str: 13    XL:     8   Next: 94%
MP:   11/11         EV:  8    Int: 10    God:    Okawaru [......]
Gold: 126           SH:  0    Dex: 17    Spells: 7/7 levels left

rFire   . . .        f - +0 shortbow (heavy)
rCold   + . .        (shield currently unavailable)
rNeg    + . .        g - +0 robe {Will+}
rPois   +            o - +0 helmet
rElec   .            (no cloak)
rCorr   +            (no gloves)
SInv    +            d - +1 barding of the Morning Star {rN+}
Will    ++...        (no amulet)
Stlth   ++           b - ring of protection from cold
HPRegen 0.31/turn    k - ring of resist corrosion
MPRegen 0.12/turn

%: no passive effects
@: about to teleport, short of breath, lightly drained, very slow
A: AC +2, large, see invisible, deformed body, poison resistance, slowness 2,
spit poison 1, naga tail 1
a: Spit Poison, Renounce Religion


You were on level 7 of the Dungeon.
You worshipped Okawaru.
Okawaru was noncommittal.
You visited 2 branches of the dungeon, and saw 8 of its levels.

You collected 346 gold pieces.
You spent 220 gold pieces at shops.


Innate Abilities, Weirdness & Mutations

Your serpentine skin is tough. (AC +2)
You have supernaturally acute eyesight. (SInv)
Armour fits poorly on your strangely shaped body.
Your system is resistant to poisons. (rPois)
You cover ground very slowly.
You can spit poison.
You have a snake-like lower body.


   Skills:
 - Level 5.2 Fighting
 + Level 8.7 Ranged Weapons
 - Level 1.1 Armour
 - Level 2.0 Dodging
 - Level 1.5 Stealth
 - Level 4.1 Invocations


You had 7 spell levels left.
You didn't know any spells.
Your spell library was empty.

Inventory:

Hand Weapons
 f - a +0 heavy shortbow (weapon)
Armour
 c - a +0 leather armour
 d - the +1 barding of the Morning Star (worn) {rN+}
   (You acquired it on level 6 of the Dungeon)

   rN:        It protects you from negative energy.
 g - a +0 robe of willpower (worn)
 o - a +0 helmet (worn)
Jewellery
 b - a ring of protection from cold (left hand)
 k - a ring of resist corrosion (right hand)
Scrolls
 a - a scroll of identify
 n - 2 scrolls of teleportation
 p - a scroll of enchant armour {unknown}
Potions
 e - a potion of mutation
 h - a potion of haste
 i - 2 potions of curing
 j - 2 potions of invisibility {unknown}
 l - a potion of attraction {unknown}
 m - a potion of magic
 q - a potion of might {unknown}

Dungeon Overview and Level Annotations

Branches:
Dungeon (7/15)             Temple (1/1) D:4

Altars:
Ashenzari
Cheibriados
Dithmenos
Elyvilon
Fedhas
Gozag
Hepliaklqana
Kikubaaqudgha
Makhleb
Nemelex Xobeh
Okawaru
Qazlal
Ru
Trog
Uskayaw
Vehumet
Xom
Yredelemnul
The Shining One

Shops:
D:5 =

Annotations:
D:5 1 runed translucent door, Crazy Yiuf
D:7 Maggie


Message History

You have got your breath back.
Maggie mumbles some strange words.
Maggie attempts to bespell you! You resist with almost no effort.
6393 ||| INVOKING Spit Poison.
Aiming: Spit Poison (1% risk of failure)
Press: ? - help, Shift-Dir - straight line, f/p - Maggie The splash of poison hits Maggie but does no damage.
Maggie is poisoned.
Maggie is lightly wounded.
Maggie gestures wildly while chanting.
Maggie attempts to bespell you! You resist with almost no effort.
You shoot an arrow.
The arrow hits Maggie but does no damage.
Maggie is lightly wounded.
Maggie zaps a wand.
The mass of ice explodes!
The iceblast engulfs you! You partially resist.
You shoot an arrow. The arrow barely misses Maggie.
You have got your breath back.
Maggie gestures at you while chanting. The bolt of fire hits you!!
6396 ||| INVOKING Spit Poison.
Aiming: Spit Poison (1% risk of failure)
Press: ? - help, Shift-Dir - straight line, f/p - Maggie The splash of poison hits Maggie.
Maggie looks even sicker.
Maggie is lightly wounded.
Maggie hits you with a +2 war axe of draining!
You partially resist.
You feel drained.
You shoot an arrow. The arrow closely misses Maggie.
Maggie gestures wildly while chanting.
Maggie attempts to bespell you! You resist with some effort.
You shoot an arrow. The arrow hits Maggie!!
Maggie is heavily wounded.
Maggie casts a spell at you. The bolt of fire hits you!
6399 ||| READING 3 scrolls of teleportation.
As you read the scroll of teleportation, it crumbles to dust.
You feel strangely unstable.
Maggie hits you with a +2 war axe of draining!
You partially resist.
You feel drained.
You die...

#.# #.# #.##....)###.......
#.#####.#####.##....)..........
#.............##.....###.......
#####........###.....# #.....##
#..........#..)..# ###.###.
#........#.#.....# #.# ..
#........#.#...... #.##..
#........#.#.....# ......
#........#@#^....# .
##########.@....# .......#
........# .........#
#......(..# #.........#
#.........#


You could see Maggie (poisoned).

Vanquished Creatures
  A water moccasin (D:7)
  2 ogres
  A centaur (D:5)
  A phantom (D:5)
  A kobold brigand (D:6)
  3 bullfrogs
  3 scorpions
  2 howler monkeys
  3 orc priests (D:7)
  2 jellies
  A gnoll bouda (D:6)
  A hound (D:4)
  3 sleepcaps
  3 iguanas
  An orc wizard (D:5)
  11 adders
  4 gnolls (D:6)
  A shadow imp (D:7)
  2 white imps (D:6)
  A worm (D:3)
  10 dart slugs
  23 orcs
  2 ball pythons
  3 endoplasms
  2 giant cockroaches
  7 hobgoblins
  6 kobolds
  5 quokkas
  7 bats
  A frilled lizard (D:2)
  10 goblins
  7 rats
130 creatures vanquished.

Notes
Turn   | Place    | Note
-------+----------+-------------------------------------------
     0 | D:1      | qw the Naga Hunter began the quest for the Orb.
     0 | D:1      | Reached XP level 1. HP: 19/19 MP: 1/1
     0 | D:1      | 0 ||| qw: Version: 0.2-a-29-g511e9b1
     0 | D:1      | 0 ||| qw: Game counter: 5720
     0 | D:1      | 0 ||| qw: Always use a shield: true
     0 | D:1      | 0 ||| qw: God list: Okawaru
     0 | D:1      | 0 ||| qw: Allow faded altars: false
     0 | D:1      | 0 ||| qw: Do Orc after D:15 true
     0 | D:1      | 0 ||| qw: Do second Lair branch before Depths: true
     0 | D:1      | 0 ||| qw: Lair rune preference: random
     0 | D:1      | 0 ||| qw: Plans: Normal
     0 | D:1      | 0 ||| PLANNING D:1-11
    29 | D:1      | 29 ||| INVOKING Spit Poison.
    41 | D:1      | 41 ||| INVOKING Spit Poison.
    50 | D:1      | 50 ||| INVOKING Spit Poison.
    63 | D:1      | 63 ||| INVOKING Spit Poison.
    68 | D:1      | 68 ||| INVOKING Spit Poison.
    81 | D:1      | Reached skill level 4 in Ranged Weapons
    81 | D:1      | Reached XP level 2. HP: 26/26 MP: 2/2
    90 | D:1      | 90 ||| INVOKING Spit Poison.
   109 | D:1      | 109 ||| INVOKING Spit Poison.
   112 | D:1      | 112 ||| INVOKING Spit Poison.
   152 | D:1      | 152 ||| INVOKING Spit Poison.
   211 | D:1      | 211 ||| INVOKING Spit Poison.
   307 | D:1      | 307 ||| INVOKING Spit Poison.
   312 | D:1      | 312 ||| INVOKING Spit Poison.
   320 | D:1      | 320 ||| INVOKING Spit Poison.
   675 | D:1      | 675 ||| READING 4 scrolls labelled MEFFEH TOIROO.
   676 | D:1      | 676 ||| READING scroll labelled ZUIKIE FEANIXO.
   680 | D:1      | 680 ||| READING 3 scrolls of identify.
   680 | D:1      | 680 ||| IDENTIFYING brown potion
   681 | D:1      | 681 ||| READING 2 scrolls of identify.
   681 | D:1      | 681 ||| IDENTIFYING sedimented dark potion
   682 | D:1      | 682 ||| DROPPING scroll of butterflies.
   683 | D:1      | 683 ||| DROPPING potion of berserk rage.
   822 | D:2      | 822 ||| INVOKING Spit Poison.
   823 | D:2      | Reached XP level 3. HP: 32/32 MP: 3/3
   832 | D:2      | 832 ||| INVOKING Spit Poison.
   840 | D:2      | 840 ||| INVOKING Spit Poison.
   941 | D:2      | 941 ||| INVOKING Spit Poison.
   944 | D:2      | 944 ||| INVOKING Spit Poison.
   953 | D:2      | 953 ||| INVOKING Spit Poison.
   999 | D:2      | 999 ||| INVOKING Spit Poison.
  1024 | D:2      | 1024 ||| INVOKING Spit Poison.
  1323 | D:2      | 1323 ||| INVOKING Spit Poison.
  1337 | D:2      | 1337 ||| INVOKING Spit Poison.
  1400 | D:2      | 1400 ||| INVOKING Spit Poison.
  1401 | D:2      | 1401 ||| INVOKING Spit Poison.
  1413 | D:2      | 1413 ||| INVOKING Spit Poison.
  1418 | D:2      | Reached skill level 5 in Ranged Weapons
  1418 | D:2      | Reached XP level 4. HP: 35/39 MP: 4/4
  1716 | D:2      | 1716 ||| READING scroll labelled BADOCY JEIROIT.
  1717 | D:2      | 1717 ||| READING scroll labelled KECASI AQOTO.
  1718 | D:2      | 1718 ||| READING 2 scrolls of identify.
  1718 | D:2      | 1718 ||| IDENTIFYING glowing emerald potion
  1799 | D:3      | 1799 ||| PLANNING SEWER
  1799 | D:3      | 1799 ||| INVOKING Spit Poison.
  1801 | D:3      | 1801 ||| STAIRDANCE
  1832 | D:3      | 1832 ||| STAIRDANCE
  1834 | D:2      | 1834 ||| INVOKING Spit Poison.
  1834 | D:2      | HP: 9/39 [orc/+0 club (4)]
  1835 | D:2      | 1835 ||| READING scroll of teleportation.
  1836 | D:2      | 1836 ||| DRINKING potion of heal wounds.
  1934 | D:2      | 1934 ||| INVOKING Spit Poison.
  1948 | D:2      | 1948 ||| INVOKING Spit Poison.
  1959 | D:3      | 1959 ||| INVOKING Spit Poison.
  1960 | D:3      | 1960 ||| STAIRDANCE
  2001 | D:3      | 2001 ||| STAIRDANCE
  2028 | D:3      | 2028 ||| INVOKING Spit Poison.
  2030 | D:3      | 2030 ||| STAIRDANCE
  2060 | D:3      | 2060 ||| INVOKING Spit Poison.
  2063 | D:3      | 2063 ||| STAIRDANCE
  2065 | D:2      | 2065 ||| INVOKING Spit Poison.
  2098 | D:3      | 2098 ||| INVOKING Spit Poison.
  2099 | D:3      | 2099 ||| STAIRDANCE
  2147 | D:3      | 2147 ||| INVOKING Spit Poison.
  2151 | D:3      | 2151 ||| INVOKING Spit Poison.
  2155 | D:3      | 2155 ||| INVOKING Spit Poison.
  2217 | D:3      | 2217 ||| INVOKING Spit Poison.
  2218 | D:3      | 2218 ||| Stepping ~*~*~tactically~*~*~ (outnumbered).
  2237 | D:3      | 2237 ||| INVOKING Spit Poison.
  2256 | D:3      | 2256 ||| INVOKING Spit Poison.
  2259 | D:3      | Reached skill level 3 in Fighting
  2262 | D:3      | 2262 ||| INVOKING Spit Poison.
  2283 | D:3      | 2283 ||| INVOKING Spit Poison.
  2286 | D:3      | Reached XP level 5. HP: 47/48 MP: 5/5
  2298 | D:3      | 2298 ||| INVOKING Spit Poison.
  2306 | D:3      | 2306 ||| INVOKING Spit Poison.
  2363 | D:3      | 2363 ||| RIP SEWER
  2370 | D:3      | 2370 ||| PLANNING D:1-11
  2492 | D:3      | 2492 ||| UPGRADING to ring of protection from cold.
  2493 | D:3      | 2493 ||| READING scroll labelled SYP ATHYONWY.
  2498 | D:3      | 2498 ||| INVOKING Spit Poison.
  2555 | D:3      | 2555 ||| INVOKING Spit Poison.
  2607 | D:4      | Found a staircase to the Ecumenical Temple.
  2608 | D:4      | 2608 ||| PLANNING TEMPLE
  2608 | D:4      | 2608 ||| STAIRDANCE
  2617 | Temple   | Entered the Ecumenical Temple
  2654 | Temple   | 2654 ||| PLANNING OKAWARU WORSHIP
  2720 | Temple   | Became a worshipper of Warmaster Okawaru
  2721 | Temple   | 2721 ||| PLANNING D:1-11
  2884 | D:4      | 2884 ||| INVOKING Spit Poison.
  2891 | D:4      | 2891 ||| INVOKING Spit Poison.
  2894 | D:4      | Reached skill level 6 in Ranged Weapons
  2894 | D:4      | Reached XP level 6. HP: 56/56 MP: 6/6
  2954 | D:4      | 2954 ||| INVOKING Spit Poison.
  3090 | D:4      | 3090 ||| INVOKING Spit Poison.
  3113 | D:4      | 3113 ||| INVOKING Spit Poison.
  3216 | D:4      | 3216 ||| INVOKING Spit Poison.
  3218 | D:4      | Reached * piety under Okawaru
  3221 | D:4      | Reached skill level 1 in Invocations
  3221 | D:4      | 3221 ||| INVOKING Spit Poison.
  3302 | D:4      | 3302 ||| UPGRADING to +0 robe of willpower.
  3312 | D:4      | 3312 ||| DROPPING scarf of shadows.
  3313 | D:4      | 3313 ||| UPGRADING to +0 helmet.
  3318 | D:4      | 3318 ||| READING scroll labelled SOFYEKKUIH.
  3319 | D:4      | 3319 ||| READING scroll labelled VEOWIU GUNKIARCH.
  3349 | D:5      | Entered Level 5 of the Dungeon
  3350 | D:5      | 3350 ||| INVOKING Spit Poison.
  3354 | D:5      | 3354 ||| INVOKING Spit Poison.
  3370 | D:5      | Reached XP level 7. HP: 64/64 MP: 6/8
  3421 | D:5      | 3421 ||| INVOKING Spit Poison.
  3536 | D:5      | Found a white marble altar of Elyvilon.
  3539 | D:5      | 3539 ||| INVOKING Spit Poison.
  3564 | D:5      | 3564 ||| INVOKING Heroism.
  3588 | D:5      | 3588 ||| INVOKING Spit Poison.
  3592 | D:5      | 3592 ||| INVOKING Spit Poison.
  3596 | D:5      | 3596 ||| INVOKING Spit Poison.
  3609 | D:5      | 3609 ||| INVOKING Spit Poison.
  3794 | D:5      | 3794 ||| INVOKING Spit Poison.
  3872 | D:5      | Found Eleme's Jewellery Boutique.
  3878 | D:5      | 3878 ||| SHOPLISTING +5 ring of evasion (396 gold, have
                  | 277).
  3878 | D:5      | 3878 ||| SHOPLISTING amulet of the acrobat (330 gold, have
                  | 277).
  3878 | D:5      | 3878 ||| BUYING ring of resist corrosion (220 gold).
  3878 | D:5      | Bought a ring of resist corrosion for 220 gold pieces
  3961 | D:5      | Found a runed translucent door.
  3962 | D:5      | Noticed Crazy Yiuf
  4151 | D:5      | 4151 ||| UPGRADING to ring of resist corrosion.
  4152 | D:5      | 4152 ||| READING scroll labelled ZOPPICH SATZ.
  4153 | D:5      | 4153 ||| DRINKING 2 green potions.
  4158 | D:5      | 4158 ||| READING 3 scrolls of identify.
  4158 | D:5      | 4158 ||| IDENTIFYING metallic white potion
  4159 | D:5      | 4159 ||| READING 2 scrolls of identify.
  4159 | D:5      | 4159 ||| IDENTIFYING murky brown potion
  4160 | D:5      | 4160 ||| DROPPING potion of ambrosia.
  4175 | D:6      | 4175 ||| INVOKING Spit Poison.
  4176 | D:6      | 4176 ||| STAIRDANCE
  4236 | D:6      | 4236 ||| STAIRDANCE
  4356 | D:6      | 4356 ||| STAIRDANCE
  4452 | D:6      | 4452 ||| STAIRDANCE
  4568 | D:6      | 4568 ||| INVOKING Spit Poison.
  4570 | D:6      | 4570 ||| STAIRDANCE
  4660 | D:6      | 4660 ||| STAIRDANCE
  4713 | D:6      | 4713 ||| STAIRDANCE
  4779 | D:6      | 4779 ||| INVOKING Spit Poison.
  4780 | D:6      | 4780 ||| STAIRDANCE
  4865 | D:6      | 4865 ||| INVOKING Spit Poison.
  4868 | D:6      | 4868 ||| INVOKING Spit Poison.
  4869 | D:6      | 4869 ||| STAIRDANCE
  4871 | D:5      | 4871 ||| INVOKING Spit Poison.
  4873 | D:5      | 4873 ||| INVOKING Heroism.
  4876 | D:5      | Reached skill level 3 in Invocations
  4994 | D:6      | 4994 ||| INVOKING Spit Poison.
  5009 | D:6      | 5009 ||| INVOKING Heroism.
  5012 | D:6      | 5012 ||| INVOKING Spit Poison.
  5014 | D:6      | Reached skill level 7 in Ranged Weapons
  5045 | D:6      | 5045 ||| INVOKING Spit Poison.
  5093 | D:6      | 5093 ||| INVOKING Spit Poison.
  5095 | D:6      | Reached XP level 8. HP: 72/72 MP: 10/10
  5206 | D:6      | 5206 ||| INVOKING Heroism.
  5233 | D:6      | 5233 ||| INVOKING Spit Poison.
  5246 | D:6      | 5246 ||| INVOKING Spit Poison.
  5249 | D:6      | 5249 ||| INVOKING Spit Poison.
  5312 | D:6      | 5312 ||| INVOKING Spit Poison.
  5315 | D:6      | 5315 ||| INVOKING Spit Poison.
  5317 | D:6      | 5317 ||| INVOKING Heroism.
  5500 | D:6      | 5500 ||| INVOKING Heroism.
  5502 | D:6      | 5502 ||| Stepping ~*~*~tactically~*~*~ (outnumbered).
  5504 | D:6      | 5504 ||| INVOKING Spit Poison.
  5507 | D:6      | 5507 ||| INVOKING Spit Poison.
  5511 | D:6      | 5511 ||| INVOKING Spit Poison.
  5520 | D:6      | 5520 ||| INVOKING Spit Poison.
  5523 | D:6      | 5523 ||| INVOKING Spit Poison.
  5527 | D:6      | Reached skill level 8 in Ranged Weapons
  5557 | D:6      | 5557 ||| INVOKING Spit Poison.
  5563 | D:6      | 5563 ||| INVOKING Spit Poison.
  5568 | D:6      | 5568 ||| INVOKING Spit Poison.
  5572 | D:6      | 5572 ||| INVOKING Spit Poison.
  5868 | D:6      | 5868 ||| READING 2 scrolls labelled INUHYU MEGUNN.
  5869 | D:6      | 5869 ||| READING scroll labelled EFIOZENUFY.
  5869 | D:6      | Identified a scroll of acquirement
  5869 | D:6      | 5869 ||| ACQUIRING +1 barding of the Morning Star {rN+}
  5869 | D:6      | Acquired the +1 barding of the Morning Star {rN+}
  5871 | D:6      | 5871 ||| UPGRADING to +1 barding of the Morning Star {rN+}.
  5876 | D:6      | 5876 ||| READING 3 scrolls of identify.
  5876 | D:6      | 5876 ||| IDENTIFYING smoky inky potion
  5877 | D:6      | 5877 ||| READING 2 scrolls of identify.
  5877 | D:6      | 5877 ||| IDENTIFYING fizzy white potion
  5878 | D:6      | 5878 ||| DROPPING potion of lignification.
  5879 | D:6      | 5879 ||| DROPPING scroll of poison.
  5985 | D:7      | 5985 ||| INVOKING Spit Poison.
  5989 | D:7      | 5989 ||| INVOKING Spit Poison.
  5991 | D:7      | 5991 ||| INVOKING Heroism.
  5992 | D:7      | 5992 ||| INVOKING Spit Poison.
  5997 | D:7      | Reached skill level 1 in Armour
  5998 | D:7      | 5998 ||| INVOKING Spit Poison.
  6001 | D:7      | 6001 ||| INVOKING Spit Poison.
  6016 | D:7      | 6016 ||| INVOKING Heroism.
  6017 | D:7      | 6017 ||| INVOKING Spit Poison.
  6022 | D:7      | 6022 ||| INVOKING Spit Poison.
  6028 | D:7      | 6028 ||| INVOKING Spit Poison.
  6078 | D:7      | Noticed Maggie
  6080 | D:7      | 6080 ||| INVOKING Spit Poison.
  6084 | D:7      | 6084 ||| INVOKING Heroism.
  6086 | D:7      | 6086 ||| INVOKING Spit Poison.
  6089 | D:7      | HP: 16/69 [Maggie/+2 war axe of draining (3)]
  6090 | D:7      | 6090 ||| READING 4 scrolls of teleportation.
  6090 | D:7      | HP: 7/69 [Maggie/+2 war axe of draining (9)]
  6091 | D:7      | 6091 ||| DRINKING potion of heal wounds.
  6194 | D:7      | 6194 ||| INVOKING Spit Poison.
  6388 | D:7      | 6388 ||| INVOKING Spit Poison.
  6393 | D:7      | 6393 ||| INVOKING Spit Poison.
  6396 | D:7      | 6396 ||| INVOKING Spit Poison.
  6398 | D:7      | HP: 13/72 [Maggie/bolt of fire (14)]
  6399 | D:7      | 6399 ||| READING 3 scrolls of teleportation.
  6399 | D:7      | HP: 2/72 [Maggie/+2 war axe of draining (11)]
  6399 | D:7      | Slain by Maggie

Levels and vault maps discovered:
D:1:      wheals_arrival_linesprint, layout_basic, minmay_small_reverse_x
D:2:      layout_basic, minmay_heptomino_l4
D:3:      kennysheep_slugbush, layout_rooms, cheibrodos_sewer_entry_bend
D:4:      kennysheep_big_flooded_room, layout_loops_ring,
          minmay_temple_entry_statues_fountains
D:5:      layout_loops_ring, elyvilon_altar_4, serial_shops, shop,
          uniq_crazy_yiuf_cottage
D:6:      layout_layer_cave
D:7:      layout_basic, uniq_maggie
Temple:   compressed_dpeg_circular_temple

Skill      XL: |  1  2  3  4  5  6  7  8 |
---------------+-------------------------+-----
Ranged Weapons | 4 5 6 7 8 |  8.7
Fighting       | 3 4 5 |  5.2
Invocations    | 2 3 4 |  4.1
Dodging        | 2 |  2.0
Armour         | 1 |  1.1
Stealth        | |  1.5

Action                     |  1- 3 |  4- 6 |  7- 9 || total
---------------------------+-------+-------+-------++-------
   Fire: Shortbow          |    50 |    69 |   141 ||   260
 Invoke: Heroism           |       |       |     9 ||     9
Ability: Spit Poison       |    25 |    30 |    45 ||   100
    Use: Scroll            |     4 |     7 |     9 ||    20
         Potion            |       |     1 |     2 ||     3
 Armour: Leather armour    |     4 |     9 |       ||    13
         Robe              |       |     3 |    32 ||    35
  Dodge: Dodged            |    12 |    36 |    58 ||   106

Table legend:
 A = Non-vault XP
 B = Vault XP
 C = Vault XP percentage of total XP
 D = Non-vault monster count
 E = Vault monster count
 F = Vault count percentage of total count
                 A         B        C        D         E       F
            +---------+---------+-------+---------+---------+-------
      Total |    2226 |      68 |   3.0 |     111 |      19 |  14.6
            +---------+---------+-------+---------+---------+-------
        D:1 |      23 |       7 |  23.3 |      15 |       4 |  21.1
        D:2 |      54 |      18 |  25.0 |      21 |       3 |  12.5
        D:3 |     101 |      37 |  26.8 |      15 |       9 |  37.5
        D:4 |     344 |       4 |   1.1 |       7 |       2 |  22.2
        D:5 |     390 |       2 |   0.5 |      15 |       1 |   6.2
        D:6 |     770 |       0 |   0.0 |      20 |       0 |   0.0
        D:7 |     544 |       0 |   0.0 |      18 |       0 |   0.0
            +---------+---------+-------+---------+---------+-------
